 Dungeon Crawl Stone Soup version 0.28.0-43-g3370ac3207 (webtiles) character file.

Game seed: 11593310912214688705

7 Acheron the Ducker (level 1, -1/14 HPs)
             Began as a Minotaur Venom Mage on Mar 20, 2022.
             Slain by a hobgoblin (3 damage)
             ... on level 1 of the Dungeon.
             The game lasted 00:03:03 (340 turns).

Acheron the Ducker (Minotaur Venom Mage)             Turns: 340, Time: 00:03:06

Health: -1/14      AC:  2    Str: 12    XL:     1   Next: 83%
Magic:  0/1        EV: 12    Int: 12    God:
Gold:   25         SH:  0    Dex: 10    Spells: 1/2 levels left

rFire   . . .      SeeInvis .   c - +0 short sword
rCold   . . .      Faith    .   (no shield)
rNeg    . . .      Spirit   .   a - +0 robe
rPois   .          Reflect  .   (helmet restricted)
rElec   .          Harm     .   (no cloak)
rCorr   .          Rampage  .   (no gloves)
Will    .....                   (no boots)
Stlth   ++........              (no amulet)
HPRegen 0.04/turn               (no ring)
MPRegen 0.07/turn               (no ring)

@: no status effects
A: horns 2, retaliatory headbutt
a: no special abilities


You were on level 1 of the Dungeon.
You visited 1 branch of the dungeon, and saw 1 of its levels.

You collected 25 gold pieces.

Inventory:

Hand Weapons
 c - a +0 short sword (weapon)
Missiles
 d - 4 stones
 f - 3 curare-tipped darts
Armour
 a - a +0 robe (worn)
Scrolls
 b - a scroll of blinking {unknown}
Potions
 e - a potion of brilliance {unknown}
 g - a potion of curing {unknown}


   Skills:
 + Level 0.2 Short Blades
 * Level 2.4 Dodging
 * Level 1.8 Stealth
 + Level 1.4 Spellcasting
 * Level 0.7 Transmutations
 + Level 2.2 Poison Magic


You had one spell level left.
You knew the following spells:

 Your Spells              Type           Power      Damage    Failure   Level
a - Sting                 Tmut/Pois      16%        1d3       16%         1

Your spell library contained the following spells:

 Spells                   Type           Power      Damage    Failure   Level
 Beastly Appendage        Tmut           4%         N/A       22%         1
 Animate Skeleton         Necr           0%         N/A       28%         1
 Apportation              Tloc           0%         N/A       28%         1
 Summon Small Mammal      Summ           0%         N/A       28%         1
 Poisonous Vapours        Pois/Air       6%         N/A       28%         2
 Wereblood                Tmut           2%         N/A       32%         2
 Spider Form              Tmut/Pois      4%         N/A       43%         3
 Mephitic Cloud           Conj/Pois/Air  2%         N/A       54%         3
 Olgreb's Toxic Radiance  Pois           6%         N/A       75%         4


Dungeon Overview and Level Annotations

Branches:
Dungeon (1/15)

Altars:


Innate Abilities, Weirdness & Mutations

You have a pair of horns on your head.
You reflexively headbutt those who attack you in melee.


Message History

You see here a rat corpse.
A kobold comes into view. It is wielding a +0 dagger.
Found 4 gold pieces.
The kobold shouts!
A hobgoblin comes into view.
The kobold throws a stone.
The stone hits you.
The kobold throws a stone.
The stone hits you.
The hobgoblin shouts!
The kobold hits you but does no damage.
You hit the kobold.
The kobold is severely wounded.
The kobold misses you.
You closely miss the kobold.
You headbutt the kobold, but do no damage.
The kobold is severely wounded.
The hobgoblin hits you. The kobold closely misses you.
You closely miss the kobold. You headbutt the kobold.
You kill the kobold!
The hobgoblin hits you. The hobgoblin completely misses you.
Things that are here:
a +0 dagger; 3 stones You completely miss the hobgoblin.
The hobgoblin barely misses you.
You hit the hobgoblin.
The hobgoblin is moderately wounded.
The hobgoblin hits you.
* * * LOW HITPOINT WARNING * * *
The hobgoblin barely misses you.
A goblin comes into view. It is wielding a +0 dagger.
The goblin shouts!
Casting: Sting (safe; 16% risk of failure)
Confirm with . or Enter, or press ? or * to list all spells.
Aiming: Sting (safe; 16% risk of failure)
Press: ? - help, Shift-Dir - straight line, f - hobgoblin
Aim: a hobgoblin (moderately wounded, 64% to hit)
The sting hits the hobgoblin but does no damage.
The hobgoblin is poisoned.
The hobgoblin is moderately wounded.
The hobgoblin hits you.
You die...

. #.#.##.......#....# #
...####...##...........####
..........##...........##..
##........##..........#....
#.$.......##.......#.......
#.........##...........###.
#.......).##........#### ##
.........g##........# #
.#........@.g.......# ##
.##########........# ##.
#........#####..
...............#
#........####### #........#
#######.## #.# #.########


You could see a hobgoblin (poisoned) and a goblin.

Vanquished Creatures
  2 bats (D:1)
  An endoplasm (D:1)
  3 kobolds (D:1)
  2 rats (D:1)
8 creatures vanquished.

Notes
Turn   | Place    | Note
-------+----------+-------------------------------------------
     0 | D:1      | Acheron the Minotaur Venom Mage began the quest for the
                  | Orb.
     0 | D:1      | Reached XP level 1. HP: 14/14 MP: 1/1
   340 | D:1      | Slain by a hobgoblin

Illustrated notes

Levels and vault maps discovered:
D:1:      onia_arrival_pentagram, layout_rooms

Action                   || total
-------------------------++-------
Melee: Short sword       ||    13
       Unarmed           ||     8
       Headbutt          ||     2
 Cast: Sting             ||     6
 Stab: Sleeping          ||     1
Armor: Robe              ||     8
Dodge: Dodged            ||    16
